 Dungeon Crawl Stone Soup version 0.19.0-22-gd96e5fe (webtiles) character file.

828 equalderp2856 the Gouger (level 7, -3/32 HPs)
             Began as a Felid Fighter on Nov 19, 2016.
             Slain by a gnoll sergeant
             ... wielding a +6 trident of pain
              (7 damage)
             ... on level 6 of the Dungeon.
             The game lasted 00:30:28 (9574 turns).

equalderp2856 the Gouger (Felid Fighter)            Turns: 9574, Time: 00:30:29

Health: -3/32      AC:  2    Str: 13    XL:     7   Next: 65%
Magic:  12/12      EV: 22    Int:  9    God:
Gold:   356        SH:  0    Dex: 17    Spells: 1 memorised, 11 levels left
                                        Lives:  0   Deaths: 2

rFire  . . .     SeeInvis +       - Unarmed
rCold  . . .     Gourm    .     (armour unavailable)
rNeg   . . .     Faith    .     (shield unavailable)
rPois  .         Spirit   .     (helmet unavailable)
rElec  .         Reflect  .     (cloak unavailable)
rCorr  .         Harm     .     (gloves unavailable)
MR     +....                    (boots unavailable)
Stlth  ++++......               (no amulet)
                                (no ring)
                                (no ring)

@: quick
A: no armour, no weapons or thrown items, stealth, claws 1, fangs 3, see
invisible, carnivore 3, speed 1, shaggy fur 2, slow metabolism 1, sharp paws
a: no special abilities


You were on level 6 of the Dungeon.
You were not hungry.

You visited 2 branches of the dungeon, and saw 7 of its levels.

You collected 356 gold pieces.

Inventory:

Missiles
 o - 133 arrows
 p - 25 poisoned needles
 D - 5 curare-tipped needles
 F - 4 exploding tomahawks
Armour
 d - a +0 centaur barding
Jewellery
 k - an uncursed ring of resist corrosion {unknown}
 l - a cursed ring of teleportation {unknown}
 x - an uncursed ring of flight {unknown}
Wands
 H - a wand of flame (30/48)
Scrolls
 e - 5 scrolls of teleportation {unknown}
 f - a scroll of noise {unknown}
 h - 7 scrolls of identify {unknown}
 j - 2 scrolls of magic mapping {unknown}
 q - a scroll of amnesia {unknown}
 r - 2 scrolls of fear {unknown}
 s - a scroll of enchant weapon {unknown}
 t - a scroll of random uselessness {unknown}
 v - 2 scrolls of remove curse {unknown}
 y - a scroll of immolation {unknown}
 A - 2 scrolls of enchant armour {unknown}
 I - a scroll of fog {unknown}
Potions
 a - a potion of might
 c - 2 potions of berserk rage {unknown}
 g - a potion of curing
 m - 3 potions of heal wounds {unknown}
 n - a potion of brilliance {unknown}
 u - a potion of mutation {unknown}
 w - 2 potions of cancellation {unknown}
 z - 3 potions of flight {unknown}
 C - a potion of degeneration {unknown}
 E - 3 potions of resistance {unknown}
Books
 B - a book of Callings

   Spells                             Type                      Level
   a - Summon Small Mammal            Summoning                    1
   b - Call Imp                       Summoning                    2
   c - Call Canine Familiar           Summoning                    3
   d - Summon Guardian Golem          Hexes/Summoning              3
   e - Summon Lightning Spire         Summoning/Air                4
   f - Summon Ice Beast               Ice/Summoning                4
Comestibles
 b - 3 meat rations
 i - 4 bread rations
 G - a royal jelly


   Skills:
 + Level 4.1 Fighting
 * Level 6.7 Dodging
 + Level 5.9 Stealth
 + Level 8.9 Unarmed Combat
 * Level 3.1 Spellcasting
 * Level 3.3 Summonings


You had 11 spell levels left.
You knew the following spells:

 Your Spells              Type           Power        Failure   Level  Hunger
a - Summon Small Mammal   Summ           #...         10%         1    ##.....


Dungeon Overview and Level Annotations

Branches:
Dungeon (6/15)             Temple (1/1) D:4

Altars:
Ashenzari
Cheibriados
Dithmenos
Fedhas
Hepliaklqana
Kikubaaqudgha
Makhleb
Nemelex Xobeh
Okawaru
Qazlal
Ru
Sif Muna
Trog
Uskayaw
Vehumet
Xom
Yredelemnul
Zin
The Shining One


Innate Abilities, Weirdness & Mutations

You cannot wear armour.
You are incapable of wielding weapons or throwing items.
Your paws allow you to move quietly. (Stealth)
You have sharp claws.
You have razor-sharp teeth.
You have supernaturally acute eyesight. (SInv)
You are carnivorous and can eat meat at any time.
You cover ground quickly.
You are covered in thick fur. (AC +2)
You have a slow metabolism.
Your sharp claws are effective at attacking unaware monsters.


Message History

You see here a long sword.
There is a stone staircase leading up here.
v - 2 scrolls labeled APREPLOVUY (gained 1)
The gnoll sergeant shouts!
The gnoll sergeant hits you from afar with a trident of pain!
The gnoll sergeant hits you with a trident of pain!
Ouch! That really hurt!
* * * LOW HITPOINT WARNING * * *
You writhe in agony.
* * * LOW HITPOINT WARNING * * *
You claw the gnoll sergeant!
You bite the gnoll sergeant, but do no damage.
The gnoll sergeant is moderately wounded.
You barely miss the gnoll sergeant.
The gnoll sergeant is moderately wounded.
The gnoll sergeant completely misses you.
You scratch the gnoll sergeant but do no damage.
The gnoll sergeant is moderately wounded.
The gnoll sergeant hits you with a trident of pain!
You die...

##..................## ###....
.......>..##.#...##..# ##....
.............#.#####.# ####.....
.......##.#....# #.# #........
....##.#.......# #.####.##.....
..<............#####.#....##.....
......##.##..........#.#####.....
.....###)####....##..............
.....###..####.#@.##.########[...
...#..###..###.##g.....#####.....
##.##.# ##...#....##.............
...##.## ###.....#####.####......
...##..# ##..##...# #..####.....
..####.# ##...####.# ##..# #.....
..# ##.###.....###.# #..# ##....
..# #...........##.# ##.#####...
.####.##..<...#.##.# #...# ##..


You could see a gnoll sergeant.

Vanquished Creatures
  Sigmund (D:2)
  An ice beast (D:5)
  A sky beast (D:6)
  2 necrophages (D:5)
  2 centaurs
  3 bullfrogs (D:6)
  A wyvern zombie (D:6)
  A bullfrog zombie (D:5)
  3 hounds
  A jelly (D:5)
  4 orc priests
  4 orc wizards
  An iguana (D:5)
  Jessica (D:2)
  Ijyb (D:2)
  4 worker ants
  A worker ant zombie (D:6)
  12 adders
  14 gnolls
  2 adder skeletons
  5 worms
  2 dart slugs
  8 leopard geckos
  14 orcs
  4 bats
  5 giant cockroaches
  13 goblins
  8 hobgoblins
  3 jackals
  A quokka (D:2)
  5 ball pythons
  3 frilled lizards
  9 kobolds
  5 rats
145 creatures vanquished.

Vanquished Creatures (others)
  2 bushes (D:5)
2 creatures vanquished.

Grand Total: 147 creatures vanquished

Notes
Turn   | Place    | Note
-------+----------+-------------------------------------------
     0 | D:1      | equalderp2856 the Felid Fighter began the quest for the Orb.
     0 | D:1      | Reached XP level 1. HP: 10/10 MP: 2/2
   235 | D:1      | Reached XP level 2. HP: 3/14 MP: 3/3
  1198 | D:2      | Noticed Jessica
  1204 | D:2      | Killed Jessica
  1204 | D:2      | Reached XP level 3. HP: 10/17 MP: 4/4
  1636 | D:2      | Reached skill level 5 in Unarmed Combat
  1636 | D:2      | Reached XP level 4. HP: 14/21 MP: 5/5
  2119 | D:2      | Reached skill level 1 in Stealth
  2239 | D:2      | Found a radiant altar of Vehumet.
  2298 | D:2      | Noticed Sigmund
  2299 | D:2      | Noticed Ijyb
  2306 | D:2      | Killed Sigmund
  2306 | D:2      | Reached skill level 5 in Dodging
  2306 | D:2      | Reached skill level 6 in Unarmed Combat
  2306 | D:2      | Reached XP level 5. HP: 18/24 MP: 6/6
  2313 | D:2      | Killed Ijyb
  2313 | D:2      | Gained mutation: You are covered in thick fur. (AC +2) [Felid growth]
  2313 | D:2      | Reached XP level 6. HP: 22/28 MP: 7/7
  3075 | D:3      | Found an iron altar of Okawaru.
  3075 | D:3      | Found a snail-covered altar of Cheibriados.
  4375 | D:4      | Found a staircase to the Ecumenical Temple.
  4416 | D:4      | Reached XP level 7. HP: 14/31 MP: 8/8
  4419 | D:4      | Reached skill level 5 in Stealth
  4632 | D:4      | Found a glowing silver altar of Zin.
  4692 | D:4      | Found a bloodstained altar of Trog.
  5044 | D:4      | Learned a level 1 spell: Summon Small Mammal
  5103 | Temple   | Entered the Ecumenical Temple
  5205 | D:5      | Entered Level 5 of the Dungeon
  5332 | D:5      | Reached skill level 7 in Unarmed Combat
  5570 | D:4      | Shot with an arrow by a centaur
  5571 | D:4      | Reached XP level 6. HP: -2/28 MP: 7/7
  5630 | D:4      | Reached skill level 1 in Summonings
  5920 | D:5      | Reached skill level 1 in Spellcasting
  5958 | D:5      | Reached XP level 7. HP: 16/31 MP: 9/9
  6799 | D:5      | Found a blossoming altar of Fedhas.
  7921 | D:5      | Reached skill level 8 in Unarmed Combat
  7921 | D:5      | Reached XP level 8. HP: 36/36 MP: 12/12
  9331 | D:6      | Slain by a wyvern zombie
  9332 | D:6      | Reached XP level 7. HP: 0/32 MP: 12/12
  9574 | D:6      | Slain by a gnoll sergeant

Skill      XL: |  1  2  3  4  5  6  7  8 |
---------------+-------------------------+-----
Unarmed Combat | 5 6 8 |  8.9
Stealth        | 2 3 4 5 |  5.9
Dodging        | 5 6 |  6.7
Summonings     | 1 2 3 |  3.3
Spellcasting   | 1 2 3 |  3.1
Fighting       | 4 |  4.1

Action                   |  1- 3 |  4- 6 |  7- 9 || total
-------------------------+-------+-------+-------++-------
Melee: Unarmed           |    72 |   204 |   193 ||   469
       Bite              |     4 |    16 |    24 ||    44
       Punch             |     1 |     3 |     7 ||    11
  Use: Potion            |       |     2 |       ||     2
 Stab: Distracted        |       |     2 |     1 ||     3
       Sleeping          |       |     8 |     4 ||    12
  Eat: Chunk             |     2 |       |     9 ||    11
       Pizza             |       |     1 |       ||     1
       Royal jelly       |       |       |     1 ||     1
Armor: Skin              |     4 |     8 |     7 ||    19
Dodge: Dodged            |    80 |   143 |   180 ||   403
